3AA
NORTHVILLE ECLIPSE @ BILLINGS POLAR BEARS
06/17/2040
 
TOP OF THE 1ST
Northville Eclipse batting - Pitching for Billings Polar Bears : RHP Mubariz Amatuni
Pitching: RHP Mubariz Amatuni
Batting: RHB Junji Ito 0-0: Foul Ball, location: 2F
0-1: Swinging Strike
0-2: Foul Ball, location: 2F
0-2: Ball
1-2: Strikes out looking
Batting: RHB Tony Randolph 0-0: Ball
1-0: Foul Ball, location: 2F
1-1: Foul Ball, location: 2F
1-2: Ball
2-2: Ground out 5-3 (Groundball, 56S, EV 78.1 MPH)
Batting: LHB Mihai Dumitru 0-0: SINGLE (Line Drive, 78M, EV 102.5 MPH)
Batting: RHB Elias den Blick 0-0: Foul Ball, location: 2F
0-1: Foul Ball, location: 2F
0-2: Ball
1-2: Foul Ball, location: 2F
1-2: Strikes out looking
Top of the 1st over - 0 runs, 1 hit, 0 errors, 1 left on base; Northville 0 - Billings 0
BOTTOM OF THE 1ST
Billings Polar Bears batting - Pitching for Northville Eclipse : RHP John Seawright
Pitching: RHP John Seawright
Batting: RHB Scot Roberts 0-0: Called Strike
0-1: Ball
1-1: Ball
2-1: Ball
3-1: Swinging Strike
3-2: Base on Balls
Batting: RHB Jesse Winters 0-0: Ball
1-0: Called Strike
1-1: Ball
2-1: Ball
3-1: Swinging Strike
3-2: Fly out, F9 (Flyball, 9D, EV 85.0 MPH)
Runner from 1st tags up, SAFE at 2nd
Batting: LHB Carlos Rosário 0-0: Called Strike
0-1: Called Strike
0-2: Ground out 5-3 (Groundball, 56, EV 100.6 MPH)
Batting: RHB Roberto Guerrero 0-0: Foul Ball, location: 2F
0-1: Foul Ball, location: 2F
0-2: Ball
1-2: Fly out, F7 (Flyball, 78S, EV 89.4 MPH)
Bottom of the 1st over - 0 runs, 0 hits, 0 errors, 1 left on base; Northville 0 - Billings 0
TOP OF THE 2ND
Northville Eclipse batting - Pitching for Billings Polar Bears : RHP Mubariz Amatuni
Batting: RHB Ricardo Urby 0-0: Called Strike
0-1: SINGLE (Flyball, 8RS, EV 91.2 MPH)
Batting: RHB Yong-hong Ren 0-0: Ball
1-0: Ball
2-0: Ball
3-0: Base on Balls
Ricardo Urby to second
Batting: RHB Rafael Manawis 0-0: Ball
1-0: Ball
2-0: Ball
3-0: Called Strike
3-1: Foul Ball, location: 2F
3-2: Ground out 6-3 (Groundball, 6, EV 92.5 MPH)
Ricardo Urby to third
Yong-hong Ren to second
Batting: RHB Chris Owen 0-0: Foul Ball, location: 2F
0-1: Ground out 1-3 (Groundball, 15S, EV 73.1 MPH)
Batting: RHB Gent Fleming 0-0: Ball
1-0: Called Strike
1-1: Ball
2-1: Fly out, F9 (Line Drive, 9D, EV 95.6 MPH)
Top of the 2nd over - 0 runs, 1 hit, 0 errors, 2 left on base; Northville 0 - Billings 0
BOTTOM OF THE 2ND
Billings Polar Bears batting - Pitching for Northville Eclipse : RHP John Seawright
Batting: LHB Hsui-chuan Tsou 0-0: Called Strike
0-1: SINGLE (Groundball, 4MD, EV 103.1 MPH)
Batting: RHB John Camp 0-0: Ball
1-0: Called Strike
1-1: Ball
2-1: DOUBLE (Line Drive, 89XD, EV 107.5 MPH)
Hsui-chuan Tsou to third
Batting: RHB Kunimatsu Furukawa 0-0: Called Strike
0-1: Ball
1-1: Foul Ball, location: 2F
1-2: SINGLE (Line Drive, 8LS, EV 88.8 MPH)
Hsui-chuan Tsou scores
John Camp to third
Batting: SHB Victor Miller 0-0: Ball
1-0: Called Strike
1-1: Fielders Choice at 2nd, 6-4 (Groundball, 6, EV 92.5 MPH)
John Camp scores
Batting: RHB Eugene Bradley 0-0: Ball
1-0: Swinging Strike
1-1: Foul Ball, location: 2F
1-2: Strikes out swinging
Victor Miller steals 2nd base
Batter strikes out.
Batting: RHB Scot Roberts 0-0: Ball
1-0: Ground out 5-3 (Groundball, 5, EV 90.0 MPH)
Bottom of the 2nd over - 2 runs, 3 hits, 0 errors, 1 left on base; Northville 0 - Billings 2
TOP OF THE 3RD
Northville Eclipse batting - Pitching for Billings Polar Bears : RHP Mubariz Amatuni
Batting: RHB Junji Ito 0-0: SINGLE (Groundball, 4MD, EV 100.6 MPH)
Batting: RHB Tony Randolph 0-0: Called Strike
0-1: Ball
1-1: Fly out, F8 (Flyball, 8RM, EV 90.6 MPH)
Batting: LHB Mihai Dumitru 0-0: Ball
1-0: Ball
2-0: DOUBLE (Line Drive, 9LD, EV 107.5 MPH)
Junji Ito to third
Runner from 3rd tries for Home, SAFE, throw by RF to home
Batting: RHB Elias den Blick 0-0: Called Strike
0-1: Foul Ball, location: 2F
0-2: Ball
1-2: Ball
2-2: Ball
3-2: Base on Balls
Batting: RHB Ricardo Urby 0-0: Ball
1-0: Foul Ball, location: 2F
1-1: Foul Ball, location: 2F
1-2: SINGLE (Groundball, 6MD, EV 94.4 MPH)
Mihai Dumitru to third
Elias den Blick to second
Runner from 3rd tries for Home, SAFE, no throw by CF
Batting: RHB Yong-hong Ren 0-0: Ball
1-0: Ball
2-0: Called Strike
2-1: Ground out 4-3 (Groundball, 4, EV 90.0 MPH)
Elias den Blick to third
Ricardo Urby to second
Batting: RHB Rafael Manawis 0-0: Called Strike
0-1: SINGLE (Flyball, 89S, EV 89.4 MPH)
Elias den Blick scores
Ricardo Urby to third
Runner from 3rd tries for Home, SAFE, throw by CF to home
Batting: RHB Chris Owen 0-0: Foul Ball, location: 2F
0-1: Fly out, F4 (Popup, 34D, EV 58.1 MPH)
Top of the 3rd over - 4 runs, 4 hits, 0 errors, 1 left on base; Northville 4 - Billings 2
BOTTOM OF THE 3RD
Billings Polar Bears batting - Pitching for Northville Eclipse : RHP John Seawright
Batting: RHB Jesse Winters 0-0: Ball
1-0: Called Strike
1-1: Swinging Strike
1-2: Ball
2-2: Foul Ball, location: 2F
2-2: Foul Ball, location: 2F
2-2: DOUBLE (Line Drive, 89XD, EV 107.5 MPH)
Batting: LHB Carlos Rosário 0-0: Called Strike
0-1: Foul Ball, location: 2F
0-2: Foul Ball, location: 2F
0-2: Foul Ball, location: 2F
0-2: Strikes out looking
Batting: RHB Roberto Guerrero 0-0: Ball
1-0: Called Strike
1-1: SINGLE (Groundball, 56S, EV 71.2 MPH) (infield hit)
Jesse Winters to third
Batting: LHB Hsui-chuan Tsou 0-0: Called Strike
0-1: Swinging Strike
0-2: Ball
1-2: Ball
2-2: SINGLE (Line Drive, 34D, EV 93.8 MPH)
Jesse Winters scores
Roberto Guerrero to second
Batting: RHB John Camp 0-0: Called Strike
0-1: Ball
1-1: Foul Ball, location: 2F
1-2: Foul Ball, location: 2F
1-2: Ball
2-2: Foul Ball, location: 2F
2-2: Foul Ball, location: 2F
2-2: Ball
3-2: Grounds into double play, 3-6-1 (Groundball, 3, EV 85.6 MPH)
Bottom of the 3rd over - 1 run, 3 hits, 0 errors, 1 left on base; Northville 4 - Billings 3
TOP OF THE 4TH
Northville Eclipse batting - Pitching for Billings Polar Bears : RHP Mubariz Amatuni
Batting: RHB Gent Fleming 0-0: Ball
1-0: Ball
2-0: Ball
3-0: Ground out 6-3 (Groundball, 56, EV 85.0 MPH)
Batting: RHB Junji Ito 0-0: Ball
1-0: Called Strike
1-1: Foul Ball, location: 2F
1-2: Foul Ball, location: 2F
1-2: Ball
2-2: SINGLE (Groundball, 56D, EV 108.1 MPH)
Batting: RHB Tony Randolph 0-0: Foul Ball, location: 2F
0-1: Ground out 6-3 (Groundball, 6, EV 101.9 MPH)
Junji Ito to second
Batting: LHB Mihai Dumitru 0-0: Ball
1-0: SINGLE (Groundball, 56D, EV 93.8 MPH)
Junji Ito to third
Runner from 3rd tries for Home, SAFE, throw by LF to home
Mihai Dumitru to second
Batting: RHB Elias den Blick 0-0: Ball
1-0: Called Strike
1-1: Foul Ball, location: 2F
1-2: Ball
2-2: Foul Ball, location: 2F
2-2: Strikes out swinging
Top of the 4th over - 1 run, 2 hits, 0 errors, 1 left on base; Northville 5 - Billings 3
BOTTOM OF THE 4TH
Billings Polar Bears batting - Pitching for Northville Eclipse : RHP John Seawright
Batting: RHB Kunimatsu Furukawa 0-0: Ball
1-0: Ball
2-0: Foul Ball, location: 2F
2-1: Swinging Strike
2-2: Hit by Pitch
Batting: SHB Victor Miller 0-0: Fly out, F8 (Line Drive, 8LM, EV 90.6 MPH)
Batting: RHB Eugene Bradley 0-0: Ball
1-0: SINGLE (Line Drive, 89S, EV 112.5 MPH)
Kunimatsu Furukawa to second
Batting: RHB Scot Roberts 0-0: Called Strike
0-1: Called Strike
0-2: Ball
1-2: Ball
2-2: Ball
3-2: Fielders Choice at 2nd, 6-4 (Groundball, 6, EV 105.6 MPH)
Kunimatsu Furukawa to third
Batting: RHB Jesse Winters 0-0: Swinging Strike
0-1: Ball
1-1: Foul Ball, location: 2F
1-2: Strikes out looking
Bottom of the 4th over - 0 runs, 1 hit, 0 errors, 2 left on base; Northville 5 - Billings 3
TOP OF THE 5TH
Northville Eclipse batting - Pitching for Billings Polar Bears : RHP Mubariz Amatuni
Pitching: RHP Larry McFadden
Batting: RHB Ricardo Urby 0-0: Fly out, F8 (Line Drive, 8LM, EV 89.4 MPH)
Batting: RHB Yong-hong Ren 0-0: Called Strike
0-1: Called Strike
0-2: Ball
1-2: Strikes out swinging
Batting: RHB Rafael Manawis 0-0: Swinging Strike
0-1: Called Strike
0-2: SINGLE (Line Drive, 4D, EV 102.5 MPH)
Batting: RHB Chris Owen 0-0: Ball
1-0: Ball
2-0: Ball
3-0: Base on Balls
Rafael Manawis to second
Batting: RHB Gent Fleming 0-0: Ball
1-0: Ball
2-0: Called Strike
2-1: Fielders Choice at 2nd, 5-4 (Groundball, 56, EV 105.0 MPH)
Top of the 5th over - 0 runs, 1 hit, 0 errors, 2 left on base; Northville 5 - Billings 3
BOTTOM OF THE 5TH
Billings Polar Bears batting - Pitching for Northville Eclipse : RHP John Seawright
Batting: LHB Carlos Rosário 0-0: Foul Ball, location: 2F
0-1: Foul Ball, location: 2F
0-2: Ball
1-2: Ball
2-2: Foul Ball, location: 2F
2-2: Ball
3-2: Base on Balls
Batting: RHB Roberto Guerrero 0-0: Called Strike
0-1: Swinging Strike
0-2: Strikes out swinging
Batting: LHB Hsui-chuan Tsou 0-0: Foul Ball, location: 2F
0-1: Swinging Strike
0-2: Grounds into double play, 5-4-3 (Groundball, 6, EV 96.2 MPH)
Bottom of the 5th over - 0 runs, 0 hits, 0 errors, 0 left on base; Northville 5 - Billings 3
TOP OF THE 6TH
Northville Eclipse batting - Pitching for Billings Polar Bears : RHP Larry McFadden
Batting: RHB Junji Ito 0-0: Foul Ball, location: 2F
0-1: Fly out, F8 (Flyball, 78D, EV 109.4 MPH)
Batting: RHB Tony Randolph 0-0: Foul Ball, location: 2F
0-1: Ball
1-1: Ball
2-1: Ball
3-1: Base on Balls
Batting: LHB Mihai Dumitru 0-0: Ball
1-0: Ball
2-0: Ball
3-0: Base on Balls
Tony Randolph to second
Batting: RHB Elias den Blick 0-0: Foul Ball, location: 2F
0-1: Foul Ball, location: 2F
0-2: Fly out, F9 (Flyball, 9LM, EV 84.4 MPH)
Batting: RHB Ricardo Urby 0-0: Ground out 5-3 (Groundball, 56S, EV 69.4 MPH)
Top of the 6th over - 0 runs, 0 hits, 0 errors, 2 left on base; Northville 5 - Billings 3
BOTTOM OF THE 6TH
Billings Polar Bears batting - Pitching for Northville Eclipse : RHP John Seawright
Batting: RHB John Camp 0-0: Called Strike
0-1: Ball
1-1: Foul Ball, location: 2F
1-2: Ball
2-2: Ball
3-2: Hit by Pitch
Pitching: LHP Lawrence Swift
Batting: RHB Kunimatsu Furukawa 0-0: Swinging Strike
0-1: Bunted foul
0-2: Foul Ball, location: 2F
0-2: Ball
1-2: Foul Ball, location: 2F
1-2: Ball
2-2: Foul Ball, location: 2F
2-2: Foul Ball, location: 2F
2-2: Strikes out swinging
Batting: SHB Victor Miller 0-0: Ball
Wild Pitch!
John Camp to second
1-0: Swinging Strike
1-1: Swinging Strike
1-2: Strikes out swinging
Batting: RHB Eugene Bradley 0-0: Ball
1-0: Called Strike
1-1: Called Strike
1-2: Ball
2-2: Strikes out swinging
Bottom of the 6th over - 0 runs, 0 hits, 0 errors, 1 left on base; Northville 5 - Billings 3
TOP OF THE 7TH
Northville Eclipse batting - Pitching for Billings Polar Bears : RHP Larry McFadden
Batting: RHB Yong-hong Ren 0-0: Ball
1-0: Fly out, F8 (Flyball, 8LXD, EV 98.8 MPH)
Batting: RHB Rafael Manawis 0-0: Ball
1-0: Ground out 5-3 (Groundball, 56, EV 90.6 MPH)
Batting: RHB Chris Owen 0-0: Ball
1-0: Swinging Strike
1-1: Ball
2-1: Ball
3-1: Base on Balls
Batting: RHB Gent Fleming 0-0: Ball
Chris Owen steals 2nd base
1-0: SINGLE (Line Drive, 56D, EV 98.8 MPH)
Chris Owen to third
Runner from 3rd tries for Home, throw by LF and OUT! 7-2
Top of the 7th over - 0 runs, 1 hit, 0 errors, 1 left on base; Northville 5 - Billings 3
BOTTOM OF THE 7TH
Billings Polar Bears batting - Pitching for Northville Eclipse : LHP Lawrence Swift
Batting: RHB Scot Roberts 0-0: Ball
1-0: Ball
2-0: Foul Ball, location: 2F
2-1: Swinging Strike
2-2: Ball
3-2: Base on Balls
Batting: RHB Jesse Winters 0-0: SINGLE (Groundball, 6MD, EV 105.6 MPH)
Scot Roberts to second
Batting: LHB Carlos Rosário 0-0: Fly out, F8 (Flyball, 8RM, EV 88.1 MPH)
Batting: RHB Roberto Guerrero 0-0: Called Strike
0-1: Ball
1-1: Called Strike
Scot Roberts steals 3rd base
1-2: Strikes out swinging
Batting: LHB Hsui-chuan Tsou 0-0: Ball
1-0: Ball
2-0: Called Strike
2-1: Ball
3-1: Foul Ball, location: 2F
3-2: Foul Ball, location: 2F
3-2: Ground out 4-3 (Groundball, 34, EV 86.9 MPH)
Bottom of the 7th over - 0 runs, 1 hit, 0 errors, 2 left on base; Northville 5 - Billings 3
TOP OF THE 8TH
Northville Eclipse batting - Pitching for Billings Polar Bears : RHP Larry McFadden
Batting: RHB Junji Ito 0-0: Foul Ball, location: 2F
0-1: Ball
1-1: Called Strike
1-2: Ball
2-2: Foul Ball, location: 2F
2-2: Fly out, F6 (Popup, 6M, EV 51.9 MPH)
Batting: RHB Tony Randolph 0-0: Called Strike
0-1: Foul Ball, location: 2F
0-2: Ground out 6-3 (Groundball, 6, EV 97.5 MPH)
Batting: LHB Mihai Dumitru 0-0: Ball
1-0: Called Strike
1-1: Foul Ball, location: 2F
1-2: Foul Ball, location: 2F
1-2: Fly out, F6 (Popup, 6M, EV 65.6 MPH)
Top of the 8th over - 0 runs, 0 hits, 0 errors, 0 left on base; Northville 5 - Billings 3
BOTTOM OF THE 8TH
Billings Polar Bears batting - Pitching for Northville Eclipse : LHP Lawrence Swift
Now at SS: Javier López
Batting: RHB John Camp 0-0: Called Strike
0-1: Ground out 6-3 (Groundball, 6, EV 85.6 MPH)
Batting: RHB Kunimatsu Furukawa 0-0: SINGLE (Flyball, 8RS, EV 85.6 MPH)
Batting: SHB Victor Miller 0-0: Ball
1-0: Called Strike
Pickoff Throw by Catcher to First - Error! E2
Kunimatsu Furukawa to second
1-1: Ball
2-1: Foul Ball, location: 2F
2-2: Foul Ball, location: 2F
2-2: Ball
3-2: Strikes out looking
Batting: RHB Eugene Bradley 0-0: Ball
1-0: Ball
2-0: Called Strike
2-1: TRIPLE (Flyball, 78XD, EV 96.2 MPH)
Kunimatsu Furukawa scores
Pitching: RHP Jason Breary
Batting: RHB Scot Roberts 0-0: Ball
1-0: Foul Ball, location: 2F
1-1: Swinging Strike
1-2: Hit by Pitch
Batting: RHB Jesse Winters 0-0: Ball
1-0: Ball
2-0: Called Strike
2-1: Foul Ball, location: 2F
2-2: Foul Ball, location: 2F
2-2: Foul Ball, location: 2F
2-2: Ball
3-2: Base on Balls
Scot Roberts to second
Batting: LHB Carlos Rosário 0-0: Ball
1-0: Fly out, F9 (Flyball, 9LSF, EV 91.2 MPH)
Bottom of the 8th over - 1 run, 2 hits, 1 error, 3 left on base; Northville 5 - Billings 4
TOP OF THE 9TH
Northville Eclipse batting - Pitching for Billings Polar Bears : RHP Larry McFadden
Batting: RHB Elias den Blick 0-0: Called Strike
0-1: Foul Ball, location: 2F
0-2: Ball
1-2: Ball
2-2: Ball
3-2: Base on Balls
Pitching: RHP David Hodges
Batting: RHB Ricardo Urby 0-0: Ball
1-0: Ball
2-0: Called Strike
2-1: Ball
3-1: Fly out, F3 (Popup, 23F, EV 95.6 MPH)
Batting: RHB Yong-hong Ren 0-0: Called Strike
0-1: SINGLE (Groundball, 6MD, EV 106.9 MPH)
Elias den Blick to second
Batting: LHB Javier López 0-0: Swinging Strike
0-1: Ball
1-1: Ball
2-1: Ball
3-1: Base on Balls
Elias den Blick to third
Yong-hong Ren to second
Batting: RHB Chris Owen 0-0: Called Strike
0-1: Foul Ball, location: 2F
0-2: SINGLE (Flyball, 34D, EV 97.5 MPH)
Elias den Blick scores
Yong-hong Ren to third
Javier López to second
Runner from 3rd tries for Home, SAFE, throw by RF to home
Batting: RHB Gent Fleming 0-0: Ball
1-0: Ball
Javier López steals 3rd base
Chris Owen to second
2-0: Called Strike
2-1: Ball
3-1: SINGLE (Groundball, 56D, EV 109.4 MPH)
Javier López scores
Chris Owen to third
Batting: RHB Junji Ito 0-0: Foul Ball, location: 2F
0-1: Ball
1-1: Foul Ball, location: 2F
1-2: Foul Ball, location: 2F
1-2: Ball
2-2: Fly out, F8 (Flyball, 8LM, EV 87.5 MPH)
Runner from 3rd tags up, SCORES, throw by CF
Batting: RHB Tony Randolph 0-0: Foul Ball, location: 2F
0-1: Ball
1-1: Ball
2-1: Ball
3-1: Foul Ball, location: 2F
3-2: Foul Ball, location: 2F
3-2: Base on Balls
Gent Fleming to second
Batting: LHB Mihai Dumitru 0-0: Ball
1-0: Foul Ball, location: 2F
1-1: Called Strike
1-2: SINGLE (Groundball, 34D, EV 94.4 MPH)
Gent Fleming to third
Tony Randolph to second
Runner from 3rd tries for Home, SAFE, no throw by RF
Pitching: RHP César Luna
Batting: RHB Elias den Blick 0-0: Ball
1-0: Called Strike
1-1: Foul Ball, location: 2F
1-2: Ball
2-2: Ball
3-2: Base on Balls
Tony Randolph to third
Mihai Dumitru to second
Batting: RHB Ricardo Urby 0-0: Called Strike
0-1: Called Strike
0-2: Fly out, F4 (Popup, 4S, EV 70.0 MPH)
Top of the 9th over - 5 runs, 4 hits, 0 errors, 3 left on base; Northville 10 - Billings 4
BOTTOM OF THE 9TH
Billings Polar Bears batting - Pitching for Northville Eclipse : RHP Jason Breary
Batting: RHB Roberto Guerrero 0-0: Foul Ball, location: 2F
0-1: Ball
1-1: Ball
2-1: Ball
3-1: Swinging Strike
3-2: Strikes out swinging
Batting: LHB Hsui-chuan Tsou 0-0: Ball
1-0: Ball
2-0: Ball
3-0: Called Strike
3-1: Base on Balls
Batting: RHB John Camp 0-0: Ball
1-0: Foul Ball, location: 2F
1-1: Swinging Strike
1-2: Foul Ball, location: 2F
1-2: Strikes out swinging
Batting: RHB Kunimatsu Furukawa 0-0: Called Strike
0-1: Ball
1-1: Foul Ball, location: 2F
1-2: Fly out, F7 (Flyball, 7LSF, EV 88.8 MPH)
Bottom of the 9th over - 0 runs, 0 hits, 0 errors, 1 left on base; Northville 10 - Billings 4
Friday, October 2nd, 2020 - OOTP Baseball 20.8 Build 74